 Dungeon Crawl Stone Soup version 0.17.3-4-g93a25c67f4 (webtiles) character file.

4744 Bnni the Quickloader (level 10, 0/80 HPs)
             Began as a Formicid Hunter on June 15, 2023.
             Was a Believer of Okawaru.
             Slain by peterlawrence's ghost (3 damage)
             ... in a bailey.
             The game lasted 00:24:05 (7113 turns).

Bnni the Quickloader (Formicid Hunter)              Turns: 7113, Time: 00:24:05

Health: 0/80       AC: 20    Str: 24    XL:     10   Next: 74%
Magic:  14/14      EV: 10    Int: 12    God:    Okawaru [**....]
Gold:   432        SH:  0    Dex: 11    Spells: 0 memorised, 9 levels left

rFire  . . .     SeeInvis +     r - +2 war axe (venom)
rCold  . . .     Clarity  .     O - +0 plate armour
rNeg   . . .     SustAt   .     (no shield)
rPois  .         Gourm    .     (helmet unavailable)
rElec  .         Spirit   .     (no cloak)
rCorr  .         Warding  .     n - +2 pair of gloves
rMut   .         Stasis   +     G - +0 pair of boots
MR     +....                    o - amulet of regeneration
Stlth  ..........               x - +5 ring of strength
                                c - +1 ring of slaying

@: heroism, somewhat resistant to hostile enchantments, extremely unstealthy
A: permanent stasis, dig shafts and tunnels, four strong arms, antennae 3
a: Dig, Shaft Self, Heroism, Renounce Religion


You were in a bailey.
You worshipped Okawaru.
Okawaru was pleased with you.
You were not hungry.

You visited 2 branches of the dungeon, and saw 10 of its levels.
You also visited: Bailey.

You collected 432 gold pieces.

Inventory:

Hand Weapons
 a - a +1 hand crossbow
 r - a +2 war axe of venom (weapon)
Armour
 n - a +2 pair of gloves (worn)
 G - a +0 pair of boots (worn)
 O - a +0 plate armour (worn)
Jewellery
 c - a +1 ring of slaying (left hand)
 o - an amulet of regeneration (around neck)
 v - an uncursed ring of protection from cold
 x - a +5 ring of strength (right hand)
Wands
 s - a wand of fire (4)
 I - a wand of slowing (21)
 K - a wand of enslavement (16)
Scrolls
 e - 4 scrolls of identify
 h - a scroll of fear
 k - a scroll of amnesia
 q - 2 scrolls of magic mapping
 y - 2 scrolls of random uselessness {unknown}
 z - a scroll of fog
 H - a scroll of enchant weapon {unknown}
 L - a scroll of remove curse
 M - a scroll of noise {unknown}
Potions
 b - 2 potions of heal wounds
 f - a potion of resistance {unknown}
 i - a potion of invisibility {unknown}
 j - a potion of flight {unknown}
 l - 3 potions of curing
 t - 2 potions of might {unknown}
 u - a potion of lignification {unknown}
 w - a potion of berserk rage {unknown}
 A - a potion of haste {unknown}
 B - a potion of agility {unknown}
 E - a potion of mutation {unknown}
 F - 4 potions of degeneration {unknown}
 J - a potion of magic {unknown}
Comestibles
 g - 2 beef jerkies
 m - 4 bread rations
 p - 4 fruits
 C - a slice of pizza
 N - 2 meat rations


   Skills:
 + Level 7.8(12.8) Fighting
 * Level 10.8(15.8) Crossbows
 + Level 7.3(12.3) Armour
 - Level 1.7(6.7) Dodging
 - Level 1.2(6.2) Stealth
 * Level 6.5 Invocations


You had 9 spell levels left.
You didn't know any spells.

Dungeon Overview and Level Annotations

Branches:
Dungeon (9/15)             Temple (1/1) D:7            Lair (0/8) D:9
    Orc (0/4) D:9

Altars:
Ashenzari
Cheibriados
Dithmenos
Fedhas
Gozag
Kikubaaqudgha
Okawaru
Qazlal
Ru
Trog
Xom
The Shining One

Shops:
D:5 }

Annotations:
Bailey peterlawrence's ghost, novice MiFi


Innate Abilities, Weirdness & Mutations

You are under a permanent stasis effect.
You can dig through walls and to a lower floor.
Your four strong arms can wield two-handed weapons with a shield.
You have a pair of large antennae on your head (SInv).


Message History

You slash peterlawrence's ghost!
Peterlawrence's ghost is heavily damaged.
Peterlawrence's ghost hits you but does no damage.
You slash peterlawrence's ghost!
Peterlawrence's ghost is heavily damaged.
Peterlawrence's ghost hits you but does no damage.
You hit peterlawrence's ghost.
Peterlawrence's ghost is heavily damaged.
Peterlawrence's ghost hits you but does no damage.
Peterlawrence's ghost hits you.
* * * LOW HITPOINT WARNING * * *
x2 Your plate armour prevents you from hitting peterlawrence's ghost.
Peterlawrence's ghost is heavily damaged.
Peterlawrence's ghost says, "They'll have to sweep you off the floor after I'm finished with you!"
Peterlawrence's ghost completely misses you.
You hit peterlawrence's ghost.
Peterlawrence's ghost is severely damaged.
Peterlawrence's ghost hits you!!
* * * LOW HITPOINT WARNING * * *
You die...

.####
......
......###
........#
(...∩.W@#
...((...#
..(...###
......
.####


You could see peterlawrence's ghost.

Vanquished Creatures
  A hill giant (D:9)
  A manticore (D:7)
  Sigmund (D:4)
  Grum (D:9)
  3 wolves (D:9)
  A hippogriff (D:9)
  Duvessa (D:5)
  A sky beast (D:6)
  2 black bears
  A phantom (D:4)
  3 orc warriors
  2 ogres
  4 giant frogs
  6 centaurs
  2 wyvern zombies
  A wyvern skeleton (D:7)
  Dowan (D:5)
  A scorpion (D:8)
  7 wights
  3 hounds
  2 jellies
  2 giant frog skeletons
  2 iguanas
  2 orc priests (D:9)
  3 crimson imps
  4 orc wizards
  A centaur skeleton (D:6)
  4 worker ants
  8 adders
  2 oozes (D:1)
  An adder skeleton (D:8)
  An adder zombie (D:6)
  2 worms
  5 giant geckos
  29 orcs
  3 ball pythons
  8 bats
  9 giant cockroaches
  6 hobgoblins
  13 jackals
  4 quokkas
  A giant gecko skeleton (D:7)
  12 goblins
  7 kobolds
  A quokka skeleton (D:5)
  13 rats
188 creatures vanquished.

Notes
Turn   | Place    | Note
--------------------------------------------------------------
     0 | D:1      | Bnni the Formicid Hunter began the quest for the Orb.
     0 | D:1      | Reached XP level 1. HP: 16/16 MP: 1/1
   136 | D:1      | Reached XP level 2. HP: 12/23 MP: 2/2
   486 | D:1      | Reached XP level 3. HP: 25/28 MP: 3/3
   957 | D:1      | Reached skill level 5 in Crossbows
  1275 | D:2      | Found a shadowy altar of Dithmenos.
  1405 | D:2      | Reached XP level 4. HP: 34/34 MP: 4/4
  1808 | D:2      | Found a blossoming altar of Fedhas.
  2233 | D:3      | Reached skill level 1 in Armour
  2289 | D:3      | Reached XP level 5. HP: 41/41 MP: 5/5
  3048 | D:4      | Noticed Sigmund
  3057 | D:4      | Killed Sigmund
  3057 | D:4      | Reached skill level 6 in Crossbows
  3057 | D:4      | Reached XP level 6. HP: 32/48 MP: 6/6
  3114 | D:4      | Noticed a phantom
  3123 | D:4      | Killed a phantom
  3123 | D:4      | Reached XP level 7. HP: 51/55 MP: 7/7
  3215 | D:4      | Noticed an ogre
  3220 | D:4      | Killed an ogre
  3552 | D:5      | Entered Level 5 of the Dungeon
  3620 | D:5      | Reached skill level 7 in Crossbows
  3704 | D:5      | Found a bloodstained altar of Trog.
  3705 | D:5      | Found an ancient bone altar of Kikubaaqudgha.
  3762 | D:5      | Noticed Duvessa
  3762 | D:5      | Noticed Dowan
  3778 | D:5      | Killed Duvessa
  3778 | D:5      | Reached skill level 5 in Fighting
  3778 | D:5      | Reached XP level 8. HP: 50/62 MP: 8/8
  3779 | D:5      | Killed Dowan
  3864 | D:5      | Found Tazu's Gadget Boutique.
  3930 | D:5      | Found a shimmering altar of Xom.
  4157 | D:5      | Got a slimy shortbow
  4161 | D:5      | Identified the cursed +0 shortbow of Doom {flame, Int+7} (You found it on level 5 of the Dungeon)
  4382 | D:6      | Reached skill level 8 in Crossbows
  4446 | D:6      | Reached skill level 5 in Armour
  4606 | D:6      | Reached XP level 9. HP: 47/69 MP: 9/9
  4781 | D:6      | Found a stormy altar of Qazlal.
  4782 | D:6      | Found a sacrificial altar of Ru.
  4824 | D:6      | Reached skill level 9 in Crossbows
  4987 | D:7      | Found a snail-covered altar of Cheibriados.
  5084 | D:7      | Found a staircase to the Ecumenical Temple.
  5093 | Temple   | Entered the Ecumenical Temple
  5097 | Temple   | Became a worshipper of Warmaster Okawaru
  5253 | D:7      | Reached skill level 1 in Invocations
  5866 | D:7      | Noticed a manticore
  5876 | D:7      | Killed a manticore
  5876 | D:7      | Reached * piety under Okawaru
  5902 | D:8      | Reached XP level 10. HP: 65/79 MP: 12/12
  5951 | D:8      | Reached skill level 10 in Crossbows
  6181 | D:8      | Reached skill level 5 in Invocations
  6733 | D:9      | Noticed a hill giant
  6751 | D:9      | Killed a hill giant
  6751 | D:9      | Reached ** piety under Okawaru
  7009 | D:9      | Noticed Grum
  7028 | D:9      | Killed Grum
  7034 | D:9      | Found a flagged portal.
  7071 | Bailey   | Entered a bailey
  7089 | Bailey   | Noticed peterlawrence's ghost (novice MiFi)
  7113 | Bailey   | HP: 3/80 [peterlawrence's ghost (19)]
  7113 | Bailey   | Slain by peterlawrence's ghost

Action                   |  1- 3 |  4- 6 |  7- 9 | 10-12 || total
-------------------------+-------+-------+-------+-------++-------
Melee: Short sword       |    12 |       |       |       ||    12
       Spear             |   164 |   159 |       |       ||   323
       Morningstar       |       |    36 |    82 |       ||   118
       War axe           |       |       |    72 |   154 ||   226
       Dagger            |       |       |     6 |       ||     6
 Fire: Hand crossbow     |       |    16 |    83 |    22 ||   121
Invok: Heroism           |       |       |       |     2 ||     2
 Abil: Dig               |     2 |     2 |     3 |     1 ||     8
  Use: Potion            |       |       |     2 |     1 ||     3
       Scroll            |       |       |     9 |     2 ||    11
 Stab: Sleeping          |     1 |     1 |       |       ||     2
  Eat: Chunk             |     1 |     3 |    11 |     7 ||    22
       Bread ration      |     1 |       |       |       ||     1
